 Dungeon Crawl Stone Soup version 0.27.1-33-g824d729ab1 (webtiles) character file.

Game seed: 14262528751050416693

1140 halfoni the Chopper (level 8, -14/62 HPs)
             Began as a Human Berserker on Dec 13, 2021.
             Was a Priest of Trog.
             Demolished by Blork the orc (20 damage)
             ... on level 5 of the Dungeon.
             The game lasted 00:12:46 (6630 turns).

halfoni the Chopper (Human Berserker)               Turns: 6630, Time: 00:12:47

Health: -14/62     AC: 11    Str: 20    XL:     8   Next: 63%
Magic:  8/8        EV:  8    Int:  7    God:    Trog [***...]
Gold:   183        SH:  0    Dex: 13    Spells: 7/7 levels left

rFire    . . .     SeeInvis .   a - +0 hand axe
rCold    . . .     Faith    .   (no shield)
rNeg     . . .     Spirit   .   g - +0 chain mail
rPois    +         Reflect  .   (no helmet)
rElec    .         Harm     .   p - +0 cloak
rCorr    +         Rampage  .   (no gloves)
Will     .....                  (no boots)
Stlth    ..........             u - amulet of the acrobat
HPRegen  0.20/turn              r - ring of poison resistance
MPRegen  0.11/turn              s - ring of resist corrosion

@: on berserk cooldown, slowed, very slow
A: no striking features
a: Renounce Religion, Berserk, Trog's Hand


You were on level 5 of the Dungeon.
You worshipped Trog.
Trog was most pleased with you.
You visited 1 branch of the dungeon, and saw 5 of its levels.

You collected 183 gold pieces.

Inventory:

Hand Weapons
 a - a +0 hand axe (weapon)
 q - a +4 flail of protection
Armour
 g - a +0 chain mail (worn)
 p - a +0 cloak (worn)
Magical Staves
 c - a staff of conjuration
Jewellery
 b - a ring of wizardry
 r - a ring of poison resistance (left hand)
 s - a ring of resist corrosion (right hand)
 u - an amulet of the acrobat (around neck)
 v - an amulet of the acrobat
Wands
 l - a wand of flame (15)
 t - a wand of polymorph (5)
Scrolls
 j - a scroll of fear
 w - a scroll of magic mapping {unknown}
Potions
 d - a potion of ambrosia
 e - a potion of might
 f - a potion of heal wounds
 h - a potion of lignification {unknown}
 i - a potion of curing {unknown}
 k - a potion of invisibility {unknown}
 m - a potion of flight {unknown}
 n - a potion of brilliance {unknown}
 o - a potion of degeneration {unknown}


   Skills:
 + Level 5.2 Fighting
 + Level 7.1 Axes
 + Level 5.6 Armour
 + Level 2.6 Dodging
 - Level 0.9 Stealth


You had 7 spell levels left.
You didn't know any spells.
Your spell library contained the following spells:

 Spells                   Type           Power      Damage    Failure   Level
 Animate Skeleton         Necr           0%         N/A       99%         1
 Apportation              Tloc           0%         N/A       99%         1
 Corona                   Hex            0%         N/A       99%         1
 Summon Small Mammal      Summ           0%         N/A       99%         1
 Gell's Gravitas          Tloc           0%         N/A       100%        3
 Lesser Beckoning         Tloc           0%         N/A       100%        3
 Teleport Other           Tloc           0%         N/A       100%        3
 Tukima's Dance           Hex            0%         N/A       100%        3
 Passage of Golubria      Tloc           N/A        N/A       100%        4
 Yara's Violent Unravell  Hex/Tmut       0%         3d3       100%        5


Dungeon Overview and Level Annotations

Branches:
Dungeon (5/15)
 Temple: D:4-7

Altars:
Gozag
Makhleb
Qazlal
Xom
The Shining One

Annotations:
D:5 Blork the orc


Message History

The ogre closely misses you.
You slash the ogre!
The ogre is moderately wounded.
You hit the ogre.
The ogre is heavily wounded.
The ogre closely misses you.
You barely miss the ogre.
The ogre is heavily wounded.
The ogre hits you with a +0 giant club!
You hit the ogre.
The ogre is severely wounded.
The ogre hits you with a +0 giant club!!
You are too injured to fight recklessly!
You are too injured to fight recklessly!
You are too injured to fight recklessly!
You are too injured to fight recklessly!
You are too injured to fight recklessly!
A red film seems to cover your vision as you go berserk!
You feel yourself moving faster!
You feel mighty!
You slash the ogre!
You kill the ogre!
Trog accepts your kill.
Your Axes skill increases to level 7!
Things that are here:
a +0 giant club; an ogre corpse You feel a strong urge to attack something.
Unknown command.
Unknown command.
You feel your anger nearly subside.
You are no longer berserk.
You are exhausted.
You feel yourself slow down.
Okay, then.
You start resting.
Blork the orc is nearby!
Blork the orc misses you.
You barely miss Blork the orc.
Blork the orc hits you with a +2 battleaxe of electrocution! x2
* * * LOW HITPOINT WARNING * * *
You are electrocuted!!
You die...

#### #...
####...#######################
...$......................))..
............).............)###
###.......##...###########.#
.......<..##.o.# #.......##
###.......##.@.# #........#
+.(.....##...# #........##
#......####### #........##
#....o.# ########..# #...oS.#
##.. #...$o.# #.. #......# #..
#.. #..


You could see Blork the orc.

Vanquished Creatures
  Prince Ribbit (D:5)
  Edmund (D:4)
  2 ogres
  A centaur (D:5)
  A centaur zombie (D:5)
  2 hounds
  Crazy Yiuf (D:2)
  An orc priest (D:5)
  A jelly (D:5)
  Jessica (D:3)
  Terence (D:3)
  Natasha (thrice) (D:2)
  3 orc wizards
  A hound skeleton (D:3)
  4 gnolls (D:3)
  A howler monkey skeleton (D:3)
  5 adders
  2 adder skeletons (D:3)
  2 worms (D:2)
  2 dart slugs
  15 orcs
  2 bats
  8 endoplasms
  4 giant cockroaches
  4 goblins
  4 hobgoblins
  8 jackals
  A quokka (D:2)
  9 ball pythons
  A frilled lizard (D:2)
  5 kobolds
  6 rats
103 creatures vanquished.

Notes
Turn   | Place    | Note
-------+----------+-------------------------------------------
     0 | D:1      | halfoni the Human Berserker began the quest for the Orb.
     0 | D:1      | Reached XP level 1. HP: 18/18 MP: 1/1
   187 | D:1      | Found a faded altar of an unknown god.
   279 | D:1      | Reached XP level 2. HP: 2/24 MP: 2/2
   927 | D:2      | Found a glowing golden altar of the Shining One.
  1025 | D:2      | Reached XP level 3. HP: 15/29 MP: 3/3
  1644 | D:2      | Reached XP level 4. HP: 35/35 MP: 4/4
  2059 | D:2      | Found a runed translucent door.
  2060 | D:2      | Noticed Crazy Yiuf
  2481 | D:2      | Noticed Natasha
  2506 | D:2      | Killed Natasha
  2507 | D:2      | Reached skill level 4 in Axes
  2507 | D:2      | Reached XP level 5. HP: 30/42 MP: 5/5
  2518 | D:2      | Noticed Natasha
  2531 | D:2      | Killed Natasha
  2986 | D:2      | Noticed Natasha
  2994 | D:2      | Killed Natasha
  2994 | D:2      | Reached ** piety under Trog
  3102 | D:2      | Killed Crazy Yiuf
  3103 | D:2      | Reached XP level 6. HP: 41/48 MP: 1/6
  3299 | D:3      | Noticed Terence
  3321 | D:3      | Killed Terence
  3428 | D:3      | Noticed Jessica
  3436 | D:3      | Killed Jessica
  3708 | D:3      | Reached skill level 5 in Axes
  4166 | D:3      | Found an opulent altar of Gozag.
  4250 | D:3      | Found a shimmering altar of Xom.
  4253 | D:3      | Found a stormy altar of Qazlal.
  4574 | D:4      | Found a burning altar of Makhleb.
  4604 | D:4      | Noticed an ogre
  4613 | D:4      | Killed an ogre
  4614 | D:4      | Reached XP level 7. HP: 54/54 MP: 7/7
  4976 | D:4      | Reached *** piety under Trog
  5130 | D:4      | Noticed Edmund
  5153 | D:4      | Killed Edmund
  5154 | D:4      | Reached skill level 6 in Axes
  5572 | D:5      | Entered Level 5 of the Dungeon
  5572 | D:5      | Noticed Blork the orc
  5572 | D:5      | Noticed a water moccasin
  5748 | D:5      | Reached XP level 8. HP: 55/61 MP: 8/8
  5777 | D:5      | Noticed Prince Ribbit
  6051 | D:5      | Reached skill level 5 in Armour
  6059 | D:5      | Killed Prince Ribbit
  6442 | D:5      | Reached skill level 5 in Fighting
  6614 | D:5      | Reached skill level 7 in Axes
  6630 | D:5      | Demolished by Blork the orc

Illustrated notes

Levels and vault maps discovered:
D:1:      dpeg_arrival_tiny_h, layout_rooms,
          ebering_ecumenical_altar_sacrificial
D:2:      layout_loops_corners, basic_altar, uniq_natasha,
          uniq_crazy_yiuf_cottage
D:3:      layout_rooms, minitemple,
          nicolae_gozag_cash_rules_everything_around_me, serial_undead,
          serial_undead_b, serial_undead_a, serial_undead_a, serial_undead_e,
          uniq_terence, uniq_jessica
D:4:      layout_basic, lemuel_doored_altar, uniq_edmund
D:5:      layout_basic, uniq_blork_the_orc, uniq_prince_ribbit1

Skill      XL: |  1  2  3  4  5  6  7  8 |
---------------+-------------------------+-----
Axes           | 4 5 6 7 |  7.1
Armour         | 3 4 5 |  5.6
Fighting       | 4 5 |  5.2
Dodging        | |  2.6
Stealth        | |  0.9

Action                   |  1- 3 |  4- 6 |  7- 9 || total
-------------------------+-------+-------+-------++-------
Melee: Hand axe          |    73 |   207 |   163 ||   443
Invok: Berserk           |     1 |     6 |     6 ||    13
  Use: Scroll            |       |     7 |     1 ||     8
Armor: Animal skin       |     1 |       |       ||     1
       Chain mail        |    25 |   103 |    80 ||   208
Dodge: Dodged            |    28 |    95 |    72 ||   195
